 Dungeon Crawl Stone Soup version 0.28-a0-1404-g4df0f3684d (webtiles) character file.

Game seed: 15593173583341753389

419 HallandMoats the Shield-Bearer (level 6, -3/61 HPs)
             Began as a Troll Fighter on Jan 5, 2022.
             Was a Believer of Ashenzari.
             Slain by a worm (6 damage)
             ... on level 5 of the Dungeon.
             The game lasted 00:04:50 (2942 turns).

HallandMoats the Shield-Bearer (Troll Fighter)      Turns: 2942, Time: 00:04:51

Health: -3/61      AC:  4    Str: 25    XL:     6   Next: 62%
Magic:  6/6        EV:  9    Int:  4    God:    Ashenzari [**....]
Gold:   135        SH:  8    Dex: 11    Spells: 5/5 levels left

rFire   . . .      SeeInvis +     - Unarmed
rCold   . . .      Faith    .   b - +0 kite shield "Unveiling Boredom" {Cun, Range} (curse)
rNeg    . . .      Spirit   .   a - +0 robe "Lashed Together" {Comp, Evo} (curse)
rPois   .          Reflect  .   (helmet restricted)
rElec   .          Harm     .   (no cloak)
rCorr   .          Rampage  .   (gloves unavailable)
Will    .....                   (boots unavailable)
Stlth   +.........              (no amulet)
HPRegen 1.00/turn               f - ring of Ashenzari's Affliction {Wiz, Fort, Evo} (curse)
MPRegen 0.10/turn               (no ring)

@: lethally poisoned (-3 -> -4)
A: large, unfitting armour, claws 3, regeneration 1, shaggy fur 1, tough skin 1
a: Renounce Religion, Curse Item, Shatter the Chains


You were on level 5 of the Dungeon.
You worshipped Ashenzari.
Ashenzari was pleased with you.
You visited 1 branch of the dungeon, and saw 5 of its levels.

You collected 135 gold pieces.

Inventory:

Armour
 a - the cursed +0 robe "Lashed Together" (worn) {Comp, Evo}

   It has a curse which improves the following skills: Companions: Summonings
   and Necromancy.
   Evocations: Evocations.
 b - the cursed +0 kite shield "Unveiling Boredom" (worn) {Cun, Range}

   It has a curse which improves the following skills: Cunning: Dodging and
   Stealth.
   Ranged Combat: Slings, Bows, Crossbows and Throwing.
Jewellery
 f - the cursed ring of Ashenzari's Affliction (left claw) {Wiz, Fort, Evo}
   (You found it on level 1 of the Dungeon)

   [ring of wizardry]

   It improves your spell success rate.
   It has a curse which improves the following skills: Fortitude: Armour and
   Shields.
   Evocations: Evocations.
Scrolls
 e - 2 scrolls of identify
 g - a scroll of silence
 j - a scroll of teleportation
Potions
 c - a potion of might
 d - a potion of heal wounds
 h - a potion of berserk rage
 i - a potion of magic


   Skills:
 + Level 3.2 Fighting
 + Level 2.0(3.0) Throwing
 + Level 1.8(2.7) Armour
 + Level 3.2(4.3) Dodging
 + Level 3.2(4.3) Shields
 + Level 3.2 Unarmed Combat
 + Level 2.1 Invocations


You had 5 spell levels left.
You didn't know any spells.
Your spell library contained the following spells:

 Spells                   Type           Power      Damage    Failure   Level
 Freeze                   Ice            0%         1d3       45%         1
 Blink                    Tloc           0%         N/A       58%         2
 Corpse Rot               Necr/Air       0%         N/A       58%         2
 Frozen Ramparts          Ice            0%         1d2       80%         3
 Lesser Beckoning         Tloc           0%         N/A       80%         3
 Stone Arrow              Conj/Erth      0%         3d7       80%         3
 Animate Armour           Summ/Erth      0%         N/A       99%         4
 Dispel Undead            Necr           0%         3d6       99%         4
 Hailstorm                Conj/Ice       0%         3d3       99%         4
 Manifold Assault         Tloc           0%         N/A       100%        5
 Death Channel            Necr           0%         N/A       100%        6
 Lehudib's Crystal Spear  Conj/Erth      0%         10d2      100%        8


Dungeon Overview and Level Annotations

Branches:
Dungeon (5/15)
 Temple: D:4-7

Altars:
Ashenzari

Shops:
D:1 =


Innate Abilities, Weirdness & Mutations

You are too large for most types of armour.
You have claws for hands.
Your natural rate of healing is unusually fast.
You are covered in fur. (AC +1)
You have tough skin. (AC +1)


Message History

You hear the slow rusting of a drain nearby.
You feel very sick. You block the scorpion's attack.
You feel sick.
The adder hisses angrily.
The scorpion stings you.
You are more poisoned.
The scorpion poisons you!
You feel very sick.
The adder hisses angrily.
The river rat bites you.
* * * LOW HITPOINT WARNING * * *
You feel very sick. The adder bites you.
* * * LOW HITPOINT WARNING * * *
You are more poisoned.
The adder poisons you! The river rat bites you.
* * * LOW HITPOINT WARNING * * *
The worm bites you!
* * * LOW HITPOINT WARNING * * *
The adder barely misses you. The gnoll closely misses you.
You feel much better.
You feel very sick. You block the adder's attack. The river rat bites you.
* * * LOW HITPOINT WARNING * * *
The scorpion stings you.
* * * LOW HITPOINT WARNING * * *
You block the scorpion's attack. The adder bites you but does no damage.
The adder bites you.
* * * LOW HITPOINT WARNING * * *
You block the worm's attack. The gnoll barely misses you.
You feel sick. The river rat bites you.
* * * LOW HITPOINT WARNING * * *
The adder barely misses you. You block the adder's attack.
The scorpion stings you.
* * * LOW HITPOINT WARNING * * *
You feel sick. The adder bites you.
* * * LOW HITPOINT WARNING * * *
The worm bites you but does no damage. The worm bites you.
You die...

* ## #....# *∩ ≈ ≈
≈≈#....# * #≈#≈...# ≈≈
#≈#≈...# #≈≈≈≈..##
##### #≈#≈....#
######..). *
≈≈#≈≈wSs..###......###
#≈#@Ssgg#.........## ≈
#≈≈≈wrg............#
*#≈≈$s..............#
#..................#
#.................).
#.......#..........#
#.......##....<...##
##########..........
,, ..........).#


You could see 2 worms, 3 scorpions, 3 gnolls, 2 adders and a river rat.

Vanquished Creatures
  Eustachio (D:4)
  A sky beast (D:4)
  A hound (D:4)
  A gnoll (D:5)
  6 adders
  An ufetubus (D:4)
  A worm (D:4)
  12 orcs
  9 endoplasms
  2 giant cockroaches
  8 goblins
  7 hobgoblins
  6 jackals
  7 kobolds
  3 quokkas
  2 ball pythons
  6 bats
  5 frilled lizards
  8 rats
87 creatures vanquished.

Vanquished Creatures (others)
  A plant (D:1)
1 creature vanquished.

Grand Total: 88 creatures vanquished

Notes
Turn   | Place    | Note
-------+----------+-------------------------------------------
     0 | D:1      | HallandMoats the Troll Fighter began the quest for the Orb.
     0 | D:1      | Reached XP level 1. HP: 22/22 MP: 0/0
    46 | D:1      | Found a faded altar of an unknown god.
    67 | D:1      | Reached XP level 2. HP: 29/29 MP: 1/1
    83 | D:1      | Prayed at the altar of an unknown god.
    83 | D:1      | Became a worshipper of Ashenzari the Shackled
   105 | D:1      | Found Caetzeg's Jewellery Shop.
   539 | D:1      | Reached * piety under Ashenzari
   749 | D:2      | Reached XP level 3. HP: 36/36 MP: 2/2
   984 | D:2      | Reached skill level 1 in Invocations
  1144 | D:2      | Reached XP level 4. HP: 43/44 MP: 3/3
  1495 | D:3      | Reached ** piety under Ashenzari
  1634 | D:3      | Reached skill level 1 in Throwing
  1772 | D:3      | Reached skill level 1 in Armour
  2502 | D:4      | Reached XP level 5. HP: 52/52 MP: 5/5
  2552 | D:4      | Noticed Eustachio
  2629 | D:4      | Killed Eustachio
  2630 | D:4      | Reached XP level 6. HP: 38/61 MP: 6/6
  2766 | D:4      | Noticed a sky beast
  2775 | D:4      | Killed a sky beast
  2887 | D:5      | Entered Level 5 of the Dungeon
  2942 | D:5      | HP: 3/61 [adder (2)]
  2942 | D:5      | Slain by a worm

Illustrated notes

Levels and vault maps discovered:
D:1:      ncdulo_lavacross, layout_loops_cross, serial_shops, shop,
          shapermc_ecumenical_altar_acropolis
D:2:      layout_loops_ring
D:3:      layout_basic, serial_park_tiny_1, hangedman_decor_slide_cut,
          minmay_stone_trees_small, grunt_ministairs_3
D:4:      layout_rooms, uniq_eustachio
D:5:      layout_rooms, lightli_sewer_entry_pipes, kennysheep_crisscross

Skill      XL: |  1  2  3  4  5  6 |
---------------+-------------------+-----
Invocations    | 1 2 |  2.1
Throwing       | 1 2 |  2.0
Armour         | 1 |  1.8
Fighting       | 3 |  3.2
Dodging        | 3 |  3.2
Shields        | 3 |  3.2
Unarmed Combat | 3 |  3.2

Action                   |  1- 3 |  4- 6 || total
-------------------------+-------+-------++-------
Melee: Unarmed           |   123 |   159 ||   282
Invok: Curse Item        |     2 |     1 ||     3
  Use: Potion            |       |     1 ||     1
 Stab: Sleeping          |       |     1 ||     1
Armor: Robe              |    37 |    40 ||    77
Dodge: Dodged            |    34 |    60 ||    94
Block: Kite shield       |    32 |    65 ||    97

Table legend: (Time is in decaauts)
 A = Elapsed time spent in this place.
 B = Non-inter-level travel time spent in this place.
 C = Inter-level travel time spent in this place.
 D = Time resting spent in this place.
 E = Time spent auto-exploring this place.
 F = Levels seen in this place.
 G = Mean time per level.
                   A        B        C        D        E       F      G
               +--------+--------+--------+--------+--------+-----+--------+
         Total |   2967 |   2851 |    116 |      0 |   2224 |   5 |  593.4 |
       Dungeon |   2967 |   2851 |    116 |      0 |   2224 |   5 |  593.4 |
               +--------+--------+--------+--------+--------+-----+--------+

Top non-repeatable levels by time:
     D:3: 937 daAuts
     D:1: 753 daAuts
     D:2: 670 daAuts
     D:4: 550 daAuts
     D:5: 55 daAuts
